Map: King of Braxis Station

Players

MrFercho

  • Race: Zerg Zerg
  • Spawn Location: 3:00

tigro

  • Race: Terran Terran
  • Spawn Location: 7:00

TATORREA

  • Race: Terran Terran
  • Spawn Location: 5:00

Noobspank

  • Race: Protoss Protoss
  • Spawn Location: 1:00

TungLocTuan

  • Race: Terran Terran
  • Spawn Location: 11:00

Paladio

  • Race: Protoss Protoss
  • League: Diamond
  • Spawn Location: 12:00

IA (Difícil)

  • Race: Protoss Protoss
  • Spawn Location: 9:00

IA (Difícil)

  • Race: Zerg Zerg
  • Spawn Location: 6:00

VOD

Have the link to the VOD?

Description

Time

  • Played on: March 30, 2020, 9:15 p.m.
  • Length: 19:47
Show
View Real Time Build Order
Export as new Build Order

MrFercho Zerg 

Build Orders: Hatch First 

Get SALT Encoding   

  12  0:06  Drone  
  13  0:17  Overlord  
  13  0:20  Drone  
  14  0:42  Drone  
  15  0:43  Drone x2  
  17  0:54  Hatchery  
  16  1:01  Drone  
  17  1:09  Drone  
  18  1:30  Drone x2  
  20  1:53  Extractor  
  19  1:57  Extractor  
  19  1:59  Drone  
  19  2:00  Drone x2  
  21  2:12  Drone x2  
  23  2:21  Spawning Pool  
  22  2:27  Drone x2  
  24  2:44  Drone x3  
  24  2:45  Drone  
  28  3:05  Hatchery  
  28  3:06  Hatchery  
  26  3:13  Hatchery  
  26  3:14  Overlord  
  26  3:16  Hatchery, Drone  
  25  3:38  Metabolic Boost  
  26  3:48  Drone  
  26  3:49  Drone  
  26  3:50  Drone x2  
  26  3:51  Drone x2  
  31  4:20  Roach Warren  
  30  4:28  Lair  
  30  4:30  Evolution Chamber  
  29  4:33  Queen x2  
  29  4:34  Evolution Chamber  
  32  4:49  Zergling x8  
  32  4:50  Zergling x2  
  32  4:51  Zergling x6  
  40  4:53  Zergling x6  
  43  5:03  Zerg Melee Weapons Level 1  
  37  5:39  Roach x3  
  37  5:40  Zergling x10  
  37  5:41  Zergling x8  
  37  5:42  Zergling x4  
  54  5:43  Overlord  
  54  6:10  Ravager x2  
  56  6:12  Ravager  
  57  6:48  Zerg Ground Armor Level 1  
  57  6:57  Glial Reconstitution  
  57  7:03  Drone  
  57  7:04  Drone x6  
  57  7:05  Overlord, Drone  
  57  7:06  Overlord x5  
  65  7:18  Zerg Missile Weapons Level 1  
  65  7:52  Spine Crawler x2  
  65  7:56  Spine Crawler  
  65  7:57  Spine Crawler  
  65  7:58  Spine Crawler x2  
  59  7:59  Spine Crawler  
  59  8:01  Spine Crawler  
  59  8:02  Drone  
  59  8:03  Drone x4  
  59  8:04  Drone  
  63  8:15  Tunneling Claws  
  62  9:00  Spire  
  61  9:03  Spire  
  61  9:05  Infestation Pit  
  61  9:09  Hydralisk Den  
  58  9:15  Spore Crawler  
  58  9:16  Spore Crawler  
  56  9:17  Spore Crawler  
  55  9:28  Spore Crawler  
  41  10:07  Hydralisk x2  
  41  10:08  Hydralisk  
  46  10:24  Hatchery  
  46  10:25  Extractor, Hatchery  
  42  10:45  Mutalisk x3  
  42  10:46  Mutalisk  
  42  10:47  Corruptor x2  
  54  10:54  Overlord x2  
  54  11:13  Zerg Melee Weapons Level 2  
  54  11:14  Zerg Ground Armor Level 2  
  54  11:30  Overseer  
  29  12:33  Roach x2  
  29  12:34  Roach x4, Mutalisk x2  
  29  12:35  Zergling x2  
  29  12:36  Zergling x12  
  52  12:37  Zergling x6  
  52  12:38  Zergling x2  
  52  13:06  Drone x4  
  52  13:07  Drone x4  
  60  13:26  Zerg Flyer Armor Level 1, Zerg Flyer Weapons Level 1  
  60  13:41  Hive  
  39  14:24  Roach x4  
  39  14:25  Hydralisk x3  
  39  14:27  Drone  
  39  14:28  Drone x6  
  39  14:29  Drone  
  55  15:02  Spore Crawler  
  55  15:05  Spore Crawler  
  53  15:07  Spore Crawler  
  53  15:09  Spore Crawler  
  51  15:18  Ultralisk Cavern  
  50  15:32  Lurker Den  
  49  15:51  Ravager  
  38  16:23  Mutalisk x2  
  35  16:34  Zergling x8  
  35  16:35  Zergling x12  
  35  16:36  Zergling x12  
  35  16:37  Zergling x4  
    17:25  Drone x3  
  3  17:30  Drone x3  
  6  17:52  Drone x3  
  9  18:03  Overseer  
  9  18:11  Drone x4  
  13  18:40  Drone  
  13  18:41  Drone x4  
  18  18:55  Drone x3  
Show
View Real Time Build Order
Export as new Build Order

tigro Terran 

Build Orders:  

Get SALT Encoding   

  12  0:10  SCV  
  13  0:22  SCV  
  13  0:25  Refinery  
  14  0:32  Refinery  
  14  0:34  SCV  
  15  0:48  Supply Depot  
  15  1:09  SCV  
  16  1:21  SCV  
  17  1:29  Barracks  
  17  1:36  SCV  
  18  1:48  SCV  
  19  1:59  Supply Depot  
  19  2:00  SCV  
  20  2:12  SCV  
  21  2:18  Barracks  
  21  2:19  Marine  
  22  2:24  SCV  
  23  2:36  Marine, SCV  
  25  2:44  Engineering Bay  
  25  2:54  Marine  
  26  3:07  Factory  
  26  3:08  Barracks Tech Lab  
  26  3:12  Marine  
  27  3:30  Marine  
  28  3:37  Marauder  
  30  3:45  Combat Shield  
  30  3:48  Marine  
  31  3:53  Factory Tech Lab  
  31  4:11  Factory  
  31  4:16  Supply Depot  
  31  4:20  Orbital Command  
  31  4:30  Barracks Tech Lab  
  33  4:38  Marauder  
  33  4:45  Supply Depot  
  35  5:00  Marauder  
  35  5:02  Marine  
  35  5:04  Stimpack  
  35  5:06  Factory Tech Lab  
  36  5:18  Starport  
  36  5:20  Marine  
  39  5:21  Marauder  
  39  5:22  Armory  
  39  5:32  Siege Tank  
  42  5:38  Marine  
  45  5:42  Marauder  
  45  5:55  Terran Infantry Weapons Level 1  
  45  5:56  Marine  
  46  6:13  Starport  
  46  6:14  Marine  
  47  6:41  Starport Tech Lab  
  47  6:44  Concussive Shells  
  47  6:57  Missile Turret  
  47  7:16  Starport Tech Lab  
  47  7:21  Missile Turret  
  47  7:39  Terran Vehicle Weapons Level 1  
  47  7:40  Missile Turret  
  47  7:45  Corvid Reactor  
  47  7:49  Terran Infantry Armor Level 1  
  47  8:26  Marine  
  48  8:29  Marine  
  49  8:44  Marine  
  49  8:47  Marine  
  51  9:02  Marine  
  52  9:04  Marine  
  53  9:16  Cloaking Field  
  53  9:20  Marine  
  53  9:21  Fusion Core  
  53  9:22  Marine  
  55  9:33  Terran Vehicle And Ship Armor Level 1  
  55  9:43  Hi-Sec Auto Tracking  
  55  9:47  Missile Turret  
  55  9:51  Medivac, Marine x2  
  59  10:10  Supply Depot, Siege Tank  
  62  10:18  Weapon Refit  
  62  10:31  Missile Turret  
  62  10:36  Medivac  
  62  10:40  Neosteel Armor  
  64  11:25  Missile Turret  
  64  11:27  Terran Ship Weapons Level 1  
  64  11:34  Missile Turret  
  64  12:09  Missile Turret  
  64  12:20  Terran Infantry Weapons Level 2  
  64  12:41  Supply Depot  
  64  12:46  Rapid Reignition System  
  64  12:50  Marine  
  65  12:55  Hyperflight Rotors  
  65  13:08  Marine  
  66  13:21  Terran Vehicle Weapons Level 2  
  66  13:26  Marine  
  67  13:29  Missile Turret  
  67  13:44  Siege Tank  
  67  13:47  Siege Tank, Missile Turret  
  73  14:35  Terran Infantry Armor Level 2  
  73  14:56  Missile Turret  
  73  15:37  Terran Vehicle And Ship Armor Level 2  
  73  15:38  Missile Turret  
  73  15:43  Missile Turret  
  73  15:59  Supply Depot  
  73  16:12  Marine  
  73  16:15  Marine  
  75  16:20  Battlecruiser  
  81  16:30  Marine  
  82  16:33  Marine  
  83  16:48  Marine  
  83  16:51  Marine  
  85  17:06  Marine  
  86  17:08  Raven  
  86  17:09  Marine  
  89  17:24  Marine  
  89  17:26  Marine  
  78  17:51  Raven  
  41  18:36  Marauder  
  41  18:48  Marine  
  42  18:57  Marauder  
  44  19:06  Marine  
  51  19:18  Marauder  
  51  19:24  Marine  
  54  19:41  Missile Turret  
Show
View Real Time Build Order
Export as new Build Order

TATORREA Terran 

Build Orders:  

Get SALT Encoding   

  12  0:10  Refinery  
  12  0:30  Supply Depot  
  12  0:42  SCV  
  13  0:54  Engineering Bay, SCV  
  13  0:55  Refinery  
  14  1:36  Barracks  
  14  2:01  Terran Infantry Weapons Level 1  
  14  2:28  Factory  
  14  2:33  Orbital Command  
  14  2:55  Barracks Tech Lab  
  14  3:15  Ghost Academy  
  14  3:20  Marine  
  15  3:38  Reaper  
  16  4:00  Terran Infantry Armor Level 1  
  16  4:01  Supply Depot  
  16  4:06  Missile Turret  
  16  4:08  Factory Tech Lab  
  16  4:10  Marauder  
  18  4:26  Missile Turret  
  18  4:31  Marine  
  19  4:43  Siege Tank  
  22  4:49  Reaper  
  23  4:55  Missile Turret  
  23  5:15  Siege Tank  
  23  5:17  Missile Turret  
  26  5:48  Supply Depot  
  26  5:54  Hi-Sec Auto Tracking  
  26  5:57  Supply Depot  
  26  6:13  Armory  
  26  6:17  Siege Tank  
  29  6:37  Supply Depot  
  29  6:51  Neosteel Armor  
  29  6:55  Siege Tank  
  29  7:00  Supply Depot  
  32  7:41  Terran Vehicle Weapons Level 1  
  32  7:42  Starport  
  32  7:52  Supply Depot  
  32  8:21  Siege Tank  
  35  8:29  Starport Tech Lab  
  35  8:30  Fusion Core  
  35  8:49  Terran Infantry Weapons Level 2  
  35  9:25  Viking  
  37  9:35  Terran Vehicle And Ship Armor Level 1  
  37  9:55  Viking  
  39  10:00  Missile Turret  
  39  10:23  Missile Turret  
  39  10:38  Missile Turret  
  39  10:53  Thor  
  45  11:18  Terran Infantry Armor Level 2  
  45  11:29  Terran Ship Weapons Level 1, Medivac  
  47  12:50  Missile Turret  
  47  13:10  Thor  
  47  13:12  Missile Turret  
  53  13:23  Terran Vehicle Weapons Level 2  
  53  13:34  Terran Infantry Weapons Level 3  
  53  13:53  Missile Turret  
  53  14:08  Viking  
  55  14:15  Missile Turret  
  55  14:37  Missile Turret  
  55  15:11  Missile Turret  
  55  15:39  Terran Ship Weapons Level 2  
  55  15:49  Thor  
  61  16:11  Terran Infantry Armor Level 3  
  14  17:38  Siege Tank  
  17  17:45  Medivac  
  19  18:10  Siege Tank  
  22  18:15  Viking  
  24  18:42  Siege Tank  
  27  19:14  Siege Tank  
Show
View Real Time Build Order
Export as new Build Order

Noobspank Protoss 

Build Orders:  

Get SALT Encoding   

Show
View Real Time Build Order
Export as new Build Order

TungLocTuan Terran 

Build Orders:  

Get SALT Encoding   

  12  1:22  SCV  
  13  1:34  SCV  
  14  1:41  Supply Depot  
  14  1:46  SCV  
  15  1:54  Engineering Bay  
  15  1:58  Refinery  
  15  2:01  Refinery  
  15  2:02  SCV  
  15  2:04  Supply Depot  
  16  2:15  SCV  
  17  2:16  Barracks x2  
  17  2:27  Supply Depot, SCV  
  18  2:39  SCV  
  19  2:49  Engineering Bay  
  19  2:51  SCV  
  20  3:03  SCV  
  21  3:06  Bunker  
  21  3:12  Bunker  
  21  3:14  Barracks Tech Lab  
  21  3:15  SCV  
  21  3:16  Barracks Reactor  
  22  3:26  Missile Turret  
  22  3:32  SCV  
  23  3:37  Bunker  
  23  3:45  SCV  
  23  3:47  Supply Depot  
  23  3:48  Sensor Tower  
  24  3:57  SCV  
  24  3:58  Marauder  
  27  4:09  SCV  
  28  4:11  Marine  
  28  4:14  Marine  
  28  4:16  Sensor Tower  
  30  4:19  Marauder  
  30  4:21  SCV  
  33  4:28  Marine  
  34  4:32  Marine, Factory  
  34  4:34  SCV  
  36  4:40  Marauder  
  38  4:46  SCV  
  39  4:58  Marine x2, SCV  
  42  5:04  Concussive Shells  
  42  5:10  SCV  
  43  5:22  SCV  
  43  5:23  Sensor Tower  
  44  5:34  SCV  
  45  5:46  Combat Shield, SCV  
  45  5:49  Starport  
  46  5:53  Factory Tech Lab  
  46  5:58  SCV  
  46  6:02  Supply Depot  
  47  6:18  Starport  
  47  6:23  SCV  
  47  6:24  Supply Depot  
Show
View Real Time Build Order
Export as new Build Order

Paladio Protoss 

Build Orders:  

Get SALT Encoding   

  12  0:01  Probe  
  13  0:13  Probe  
  14  0:20  Pylon  
  14  0:25  Probe  
  15  0:38  Probe  
  15  0:41  Gateway  
  16  0:49  Assimilator  
  16  0:50  Probe  
  17  1:01  Gateway  
  17  1:05  Probe (Chrono Boost)  
  18  1:14  Probe (Chrono Boost)  
  18  1:17  Assimilator  
  19  1:19  Probe (Chrono Boost)  
  20  1:30  Cybernetics Core  
  20  1:31  Probe  
  21  1:41  Pylon  
  21  1:43  Probe  
  22  1:55  Probe  
  23  2:09  Robotics Facility  
  23  2:12  Warp Gate  
  23  2:19  Twilight Council  
  23  2:22  Forge  
  23  2:31  Adept  
  23  2:33  Pylon  
  25  2:37  Stalker  
  27  2:57  Observer  
  28  3:04  Protoss Ground Weapons Level 1 (Chrono Boost)  
  28  3:19  Observer  
  29  3:51  Warp Prism  
  31  3:59  Pylon  
  31  4:01  Pylon  
  30  4:23  Gateway  
  30  4:24  Gateway  
  30  4:25  Gateway  
  30  4:30  Gateway  
  30  4:37  Gateway  
  30  4:38  Gateway  
  30  4:40  Gateway x2  
  30  4:45  Pylon  
  30  4:54  Charge (Chrono Boost)  
  30  5:08  Protoss Ground Weapons Level 2 (Chrono Boost)  
  30  5:17  Immortal  
  34  6:13  Immortal  
  38  6:19  Zealot x4  
  38  6:20  Zealot x2  
  50  6:27  Blink  
  50  6:41  Observer  
  49  7:44  Warp Prism  
  51  7:59  Protoss Ground Weapons Level 3 (Chrono Boost)  
  51  8:11  Forge  
  51  8:13  Forge  
  51  8:49  Templar Archives  
  51  9:12  Protoss Ground Armor Level 1 (Chrono Boost)  
  51  9:15  Dark Shrine  
  51  9:17  Stargate  
  51  9:21  Protoss Shields Level 1 (Chrono Boost)  
  51  9:26  Zealot  
  51  9:27  Zealot x5  
  63  9:38  Pylon  
  63  9:40  Pylon  
  63  9:41  Pylon  
  63  9:42  Pylon  
  63  9:44  Pylon  
  63  9:45  Pylon  
  63  9:46  Pylon  
  63  9:48  Pylon  
  63  9:50  Pylon  
  63  9:58  Stalker x2  
  67  10:07  High Templar x2  
  67  10:08  High Templar  
  73  10:47  Probe  
  74  11:00  Probe  
  75  11:20  Nexus  
  75  11:25  Pylon, Protoss Ground Armor Level 2 (Chrono Boost)  
  75  11:35  Protoss Shields Level 2 (Chrono Boost)  
  75  11:37  Nexus  
  75  12:05  Dark Templar  
  75  12:06  Dark Templar x2  
  77  12:20  Stalker x2  
  71  12:48  Warp Prism  
  73  12:55  Probe  
  75  12:59  Probe (Chrono Boost)  
  75  13:07  Probe (Chrono Boost)  
  77  13:14  Probe (Chrono Boost)  
  77  13:18  Probe (Chrono Boost)  
  78  13:22  Probe (Chrono Boost)  
  78  13:24  Warp Prism  
  78  13:25  Probe (Chrono Boost)  
  82  13:27  Probe (Chrono Boost)  
  82  13:32  Psionic Storm  
  82  13:33  Probe  
  84  13:38  Probe  
  85  13:45  Probe (Chrono Boost)  
  86  13:51  Probe (Chrono Boost)  
  87  13:58  Probe (Chrono Boost)  
  87  14:00  Adept  
  87  14:02  Probe (Chrono Boost)  
  91  14:05  Probe (Chrono Boost)  
  91  14:07  Probe (Chrono Boost)  
  93  14:12  Probe  
  93  14:13  Stalker x3  
  93  14:14  Stalker x2  
  93  14:16  Probe  
  103  14:24  Probe  
  103  14:29  Probe  
  105  14:36  Probe  
  106  14:41  Probe  
  107  14:48  Probe  
  106  14:53  Probe  
  107  15:00  Probe  
  107  15:03  Probe  
  107  15:05  Probe  
  110  15:07  Protoss Ground Armor Level 3 (Chrono Boost)  
  110  15:12  Probe  
  111  15:16  Zealot x7  
  111  15:17  Probe, Zealot x3  
  132  15:24  Probe  
  133  15:29  Probe  
  134  15:44  Zealot  
  134  15:45  Zealot x7  
  134  15:46  Zealot x2  
  137  16:29  Zealot x6  
  137  16:30  Zealot x4  
  157  16:35  Protoss Shields Level 3 (Chrono Boost)  
  155  16:55  Stalker  
  155  16:56  Stalker x5  
  155  16:57  Stalker x3  
  173  17:05  Pylon  
  173  17:07  Pylon  
  171  17:09  Pylon  
  171  17:10  Pylon  
  171  17:12  Pylon  
  171  17:15  Pylon  
  171  17:16  Pylon  
  171  17:18  Pylon  
  151  17:36  Dark Templar x2  
  151  17:37  Zealot x6  
  151  18:02  Probe  
  146  18:05  Assimilator  
  146  18:28  Nexus  
  146  18:30  Pylon  
  146  18:31  Pylon  
  146  18:35  Pylon  
  146  18:38  Pylon, Cybernetics Core  
  146  18:46  Fleet Beacon  
  146  18:56  Gateway  
  146  18:58  Gateway  
  146  19:01  Gateway  
  146  19:03  Gateway  
  146  19:06  Gateway  
  146  19:09  Gateway x2  
  146  19:15  Gateway  
  146  19:16  Gateway  
  146  19:18  Gateway  
  146  19:20  Gateway  
  146  19:22  Gateway  
Show
View Real Time Build Order
Export as new Build Order

IA (Difícil) Protoss 

Build Orders:  

Get SALT Encoding   

  12  0:01  Probe  
  13  0:13  Probe  
  14  0:20  Pylon  
  14  0:25  Probe  
  15  0:35  Probe  
  16  0:43  Probe  
  16  0:46  Assimilator  
  16  0:49  Gateway  
  17  0:52  Probe  
  18  0:59  Pylon  
  18  1:00  Probe  
  19  1:17  Probe  
  20  1:36  Zealot  
  20  1:39  Gateway  
  22  1:40  Cybernetics Core  
  22  1:41  Assimilator  
  22  2:00  Pylon  
  22  2:08  Stalker  
  22  2:12  Warp Gate  
  24  2:32  Zealot  
  26  2:40  Pylon  
  26  2:45  Stalker  
  28  2:59  Stalker  
  30  3:05  Probe  
  31  3:15  Stalker  
  31  3:18  Probe  
  34  3:22  Pylon  
  34  3:29  Stalker  
  34  3:30  Probe  
  37  3:36  Forge  
  37  3:42  Probe  
  37  3:45  Adept  
  40  3:54  Probe  
  41  4:06  Stalker, Probe  
  44  4:23  Adept  
  46  5:12  Probe  
  46  6:08  Sentry, Protoss Ground Weapons Level 1, Probe  
  48  6:13  Robotics Facility  
  48  6:15  Twilight Council  
  48  6:17  Zealot  
  48  6:18  Pylon  
  50  6:20  Photon Cannon, Probe  
  50  6:21  Photon Cannon  
  51  6:25  Stargate  
  51  6:28  Forge  
  51  6:31  Sentry  
  51  6:32  Gateway, Probe  
  54  6:50  Protoss Ground Armor Level 1, Stalker  
  54  6:52  Blink  
  52  6:59  Zealot  
  50  7:02  Observer  
  49  7:13  Stalker  
  51  7:22  Adept  
  49  7:23  Observer  
  50  7:31  Stalker  
  50  7:41  Stalker  
  52  7:50  Adept  
  53  7:59  Probe, Zealot  
  56  10:01  Immortal  
  60  10:17  Gateway  
  60  10:21  Robotics Facility  
  60  10:26  Robotics Bay  
  60  10:31  Stargate  
  60  10:33  Pylon  
  60  10:43  Protoss Ground Weapons Level 2  
  60  10:48  Warp Prism  
  60  10:54  Stalker  
  60  10:58  Pylon  
  60  11:03  Zealot  
  54  11:08  Observer  
  51  11:11  Stalker  
  51  11:17  Warp Prism  
  53  11:24  Pylon  
  55  11:29  Fleet Beacon, Disruptor  
  58  11:50  Warp Prism  
  60  12:05  Disruptor  
  63  12:11  Tempest  
  68  12:16  Protoss Ground Armor Level 2  
  68  12:26  Immortal  
  72  12:45  Observer  
  72  13:16  Protoss Shields Level 1  
  72  13:42  Zealot  
  72  13:58  Gravitic Boosters  
  72  14:11  Zealot  
  72  14:16  Sentry  
  76  14:30  Observer  
  76  14:38  Sentry  
  78  14:43  Adept  
  78  14:45  Pylon  
  80  14:48  Disruptor  
  83  15:06  Disruptor  
  86  15:15  Pylon  
  86  15:29  Tempest  
  90  15:54  Observer  
  91  16:33  Observer  
  91  16:38  Protoss Shields Level 2  
  91  17:07  Gravitic Drive  
  91  17:30  Protoss Air Weapons Level 1  
  91  17:54  Zealot  
  92  17:59  Zealot  
  94  18:07  Templar Archives  
  94  18:11  Pylon  
  94  18:29  Probe  
  95  18:39  Pylon  
  91  18:44  High Templar  
  91  18:47  Probe  
  83  18:58  High Templar  
  77  19:12  Archon, Zealot  
  73  19:17  Zealot  
  75  19:25  High Templar  
Show
View Real Time Build Order
Export as new Build Order

IA (Difícil) Zerg 

Build Orders: 1 Base Baneling Bust, Pool First 

Get SALT Encoding   

  12  0:01  Drone  
  13  0:12  Overlord  
  13  0:17  Drone  
  14  0:30  Drone  
  14  0:31  Drone  
  16  0:42  Spawning Pool  
  15  0:43  Drone  
  15  0:47  Drone  
  17  0:50  Extractor  
  17  0:55  Drone  
  17  1:05  Overlord  
  17  1:31  Zergling x2, Queen  
  20  1:33  Roach Warren  
  20  1:38  Zergling x2, Drone  
  21  1:41  Extractor  
  20  1:49  Drone  
  21  1:59  Overlord  
  21  2:10  Drone  
  22  2:21  Roach  
  24  2:31  Drone  
  25  2:37  Overlord, Roach  
  25  2:38  Drone  
  25  2:43  Drone  
  29  2:44  Ravager  
  30  2:54  Roach  
  32  3:01  Ravager  
  32  3:04  Baneling Nest  
  32  3:05  Roach  
  34  3:09  Drone  
  34  3:11  Drone  
  34  3:12  Roach  
  38  3:16  Drone  
  39  3:27  Overlord  
  39  3:32  Evolution Chamber  
  38  3:38  Drone  
  38  3:41  Roach, Drone  
  42  3:42  Drone  
  43  3:49  Drone  
  44  4:50  Lair, Overlord, Drone  
  44  4:51  Zerg Melee Weapons Level 1, Drone  
  44  4:52  Evolution Chamber  
  45  4:53  Drone  
  46  5:09  Roach  
  48  5:17  Zerg Missile Weapons Level 1  
  48  5:18  Roach  
  48  5:19  Overlord  
  50  5:26  Roach  
  45  5:35  Roach  
  38  5:43  Roach  
  38  5:47  Burrow  
  40  5:51  Hydralisk Den  
  40  5:52  Zergling x2, Drone  
  41  6:01  Roach  
  41  6:02  Spore Crawler  
  41  6:03  Drone  
  43  6:06  Spore Crawler  
  43  6:08  Drone  
  43  6:09  Roach  
  43  6:10  Overseer  
  45  6:19  Overseer  
  45  6:21  Roach  
  47  6:28  Hydralisk  
  49  6:35  Drone, Spine Crawler  
  49  6:37  Hydralisk  
  51  6:41  Spine Crawler  
  51  6:42  Drone  
  51  6:43  Infestation Pit  
  51  6:45  Zerg Ground Armor Level 1, Roach  
  50  6:51  Hydralisk  
  50  6:52  Drone  
  46  6:58  Queen  
  46  7:00  Roach  
  42  7:05  Queen  
  40  7:08  Roach  
  40  7:14  Hydralisk  
  38  7:17  Roach  
  38  7:19  Roach  
  38  7:22  Roach, Drone  
  39  7:24  Drone  
  39  7:26  Roach  
  39  7:29  Drone x3  
  42  7:34  Roach  
  43  7:41  Drone  
  43  7:43  Roach  
  46  7:51  Roach  
  48  8:01  Zergling x2  
  49  8:09  Hydralisk  
  51  8:17  Hydralisk  
  53  8:21  Spire  
  53  8:22  Drone  
  53  8:26  Hydralisk  
  55  8:35  Roach  
  57  8:55  Pneumatized Carapace  
  57  9:34  Mutalisk  
  58  9:42  Mutalisk  
  60  9:50  Mutalisk  
  62  9:58  Overlord, Mutalisk  
  64  10:15  Mutalisk  
  66  10:34  Corruptor  
  68  10:57  Mutalisk  
  68  10:59  Overlord  
  68  11:01  Overseer  
  60  11:20  Mutalisk  
  62  11:38  Mutalisk  
  64  11:42  Hatchery  
  63  12:15  Hive  
  63  12:48  Zergling x2  
  64  13:24  Overlord  
  64  13:27  Viper  
  64  13:29  Greater Spire  
  65  13:43  Corruptor, Drone  
  38  14:05  Overseer  
  38  14:15  Overseer  
  38  14:40  Brood Lord  
  38  14:42  Corruptor  
  42  15:16  Brood Lord  
  44  15:29  Corruptor  
  46  16:03  Brood Lord  
  48  16:05  Corruptor  
  50  16:23  Overseer  
  50  16:37  Mutalisk  
  52  16:56  Overlord, Mutalisk  
  54  17:14  Mutalisk  
  56  17:33  Overseer  
  56  17:56  Mutalisk  
  58  18:14  Mutalisk  
  60  18:33  Overlord, Mutalisk  
  57  18:51  Corruptor  
  57  18:53  Queen  
  48  18:58  Queen  
  46  19:09  Drone  
  36  19:10  Mutalisk  
  36  19:13  Drone  
  36  19:14  Drone  
  36  19:16  Drone  
  33  19:17  Drone  
  33  19:19  Drone  
  33  19:20  Drone x3  
  33  19:22  Drone  
  33  19:23  Drone  
  36  19:26  Drone  
Tags
 
Add a new tag
Caveats
  • Supply blocks, unpowered buildings, or Contaminate may cause inaccurate times.
  • Supply counts are checked every 10 seconds.